 Dungeon Crawl Stone Soup version 0.20.1-1-g8b1a95d (webtiles) character file.

50 Mesmaeker13 the Charmwright (level 3, -2/21 HPs)
             Began as a Gargoyle Skald on Aug 30, 2017.
             Slain by Sigmund
             ... wielding a +0 scythe
              (6 damage)
             ... on level 2 of the Dungeon.
             The game lasted 00:03:36 (2570 turns).

Mesmaeker13 the Charmwright (Gargoyle Skald)        Turns: 2570, Time: 00:03:37

Health: -2/21      AC:  6    Str: 14    XL:     3   Next: 79%
Magic:  1/6        EV: 11    Int: 14    God:
Gold:   99         SH:  0    Dex:  9    Spells: 3/6 levels left

rFire    . . .     SeeInvis .   a - +0 mace
rCold    . . .     Gourm    +   (no shield)
rNeg     + . .     Faith    .   b - +0 leather armour
rPois    ∞         Spirit   .   (no helmet)
rElec    +         Reflect  .   (no cloak)
rCorr    .         Harm     .   (no gloves)
MR       .....                  (no boots)
Stlth    +.........             i - amulet of the gourmand
Regen    0.1/turn               (no ring)
MPRegen  0.1/turn               (no ring)

@: infused (expiring)
A: negative energy resistance 1, electricity resistance, unbreathing,
petrification resistance, rot immunity, AC +3
a: no special abilities


You were on level 2 of the Dungeon.
You were not hungry.

You visited 1 branch of the dungeon, and saw 2 of its levels.

You collected 99 gold pieces.

Inventory:

Hand Weapons
 a - a +0 mace (weapon)
Armour
 b - a +0 leather armour (worn)
Jewellery
 i - an amulet of the gourmand (around neck)
Scrolls
 g - a scroll of enchant armour {unknown}
 j - a scroll of teleportation {unknown}
 k - a scroll of identify {unknown}
Potions
 h - a potion of curing {unknown}
Books
 c - a book of Battle

   Spells                             Type                      Level
   a - Infusion                       Charms                       1
   b - Shroud of Golubria             Charms/Translocation         2
   c - Song of Slaying                Charms                       2
   d - Spectral Weapon                Hexes/Charms                 3
   e - Regeneration                   Charms/Necromancy            3
Comestibles
 d - 3 bread rations


   Skills:
 - Level 2.1 Fighting
 + Level 2.7 Maces & Flails
 + Level 1.9 Armour
 - Level 1.5 Dodging
 - Level 2.0 Spellcasting
 + Level 3.4 Charms


You had 3 spell levels left.
You knew the following spells:

 Your Spells              Type           Power        Failure   Level  Hunger
a - Infusion              Chrm           ##..         7%          1    ##.....
b - Shroud of Golubria    Chrm/Tloc      #.........   22%         2    ###....


Dungeon Overview and Level Annotations

Branches:
Dungeon (2/15)

Altars:
Xom

Annotations:
D:2 Sigmund


Innate Abilities, Weirdness & Mutations

You are resistant to torment.
Your stone body is resilient. (AC +3)
You are immune to poison.
You resist negative energy. (rN+)
You are resistant to electric shocks. (rElec)
You can survive without breathing.
You are immune to petrification.
You are immune to rotting.


Message History

Confirm with . or Enter, or press ? or * to list all spells.
You begin infusing your attacks with magical energy.
You climb downwards.
Level annotation: Sigmund
There is a stone staircase leading up here.
Sigmund closely misses you.
Your shroud begins to fray at the edges.
You hit Sigmund.
Sigmund is lightly wounded.
Your magical infusion is running out.
Sigmund hits you with a scythe!
Your shroud falls apart!
You hit Sigmund.
Sigmund is moderately wounded.
Sigmund hits you with a scythe!
* * * LOW HITPOINT WARNING * * *
You hit Sigmund.
Sigmund is moderately wounded.
Sigmund hits you with a scythe.
You die...

####### ##......##
##........## #.......<..#
#..........# #<.........#
#..........# ###
######@.........# #.#
#....@.........## #.#
#######.####..........####.#
#.@.....# #..........#....##
......#######
#................. #######
######.............).##
................####.#
.....................#
######...............##


You could see Sigmund.

Vanquished Creatures
  An ooze (D:1)
  A worm (D:2)
  A dart slug (D:1)
  A leopard gecko (D:1)
  A giant cockroach (D:2)
  6 goblins
  6 hobgoblins (D:1)
  2 jackals (D:1)
  A quokka (D:1)
  4 bats (D:1)
  2 frilled lizards
  7 kobolds (D:1)
  5 rats
38 creatures vanquished.

Notes
Turn   | Place    | Note
-------+----------+-------------------------------------------
     0 | D:1      | Mesmaeker13 the Gargoyle Skald began the quest for the Orb.
     0 | D:1      | Reached XP level 1. HP: 12/12 MP: 3/3
     7 | D:1      | Found a shimmering altar of Xom.
   503 | D:1      | Reached skill level 3 in Charms
   503 | D:1      | Reached XP level 2. HP: 9/17 MP: 0/5
   586 | D:1      | Learned a level 2 spell: Shroud of Golubria
   894 | D:1      | Reached XP level 3. HP: 15/21 MP: 6/6
  2268 | D:2      | Noticed Sigmund
  2570 | D:2      | Slain by Sigmund

Skill      XL: |  1 |
---------------+----+-----
Charms         | 3 |  3.4
Fighting       | |  2.1
Maces & Flails | |  2.7
Armour         | |  1.9
Dodging        | |  1.5
Spellcasting   | |  2.0

Action                   || total
-------------------------++-------
Melee: Mace              ||   161
 Cast: Infusion          ||    12
       Shroud of Golubri ||     1
  Use: Potion            ||     1
       Scroll            ||     1
  Eat: Chunk             ||     8
Armor: Leather armour    ||    90
Dodge: Dodged            ||   120
